Map: Frozen Temple

Players

Luke

  • Race: Protoss Protoss
  • League: Master

Zerghamdi - Winner!

  • Race: Zerg Zerg
  • League: Master

VOD

https://www.youtube.com/channel/UCcSgNfDNxvyisU-eCj9xyNg/playlists

Description

Time

  • Played on: Aug. 26, 2016, 6:09 a.m.
  • Length: 6:22
Show
View Real Time Build Order
Export as new Build Order

Luke Protoss 

Build Orders: 1 Gate Expand 

Get SALT Encoding   

  12  0:02  Probe (Chrono Boost)  
  13  0:12  Probe (Chrono Boost)  
  14  0:18  Pylon  
  14  0:25  Probe (Chrono Boost)  
  15  0:36  Probe (Chrono Boost)  
  15  0:42  Gateway  
  16  0:47  Probe (Chrono Boost)  
  17  0:57  Probe (Chrono Boost)  
  17  0:59  Assimilator  
  18  1:08  Probe (Chrono Boost)  
  19  1:23  Nexus  
  19  1:26  Probe (Chrono Boost)  
  20  1:33  Pylon  
  20  1:36  Probe (Chrono Boost)  
  21  1:47  Cybernetics Core  
  21  1:50  Probe (Chrono Boost)  
  22  1:57  Zealot  
  22  2:00  Probe (Chrono Boost)  
  25  2:11  Probe (Chrono Boost)  
  26  2:20  Adept  
  27  2:23  Probe (Chrono Boost)  
  27  2:28  Warp Gate  
  29  2:35  Probe (Chrono Boost)  
  30  2:39  Probe (Chrono Boost)  
  30  2:43  Assimilator  
  31  2:47  Mothership Core (Chrono Boost)  
  31  2:49  Probe (Chrono Boost)  
  33  3:00  Probe (Chrono Boost)  
  33  3:05  Pylon  
  34  3:06  Probe (Chrono Boost)  
  34  3:10  Probe (Chrono Boost)  
  34  3:11  Twilight Council  
  36  3:16  Probe (Chrono Boost)  
  37  3:21  Probe (Chrono Boost)  
  39  3:27  Probe (Chrono Boost)  
  39  3:29  Adept  
  39  3:31  Probe (Chrono Boost)  
  42  3:34  Assimilator  
  42  3:37  Probe (Chrono Boost)  
  42  3:39  Resonating Glaives  
  43  3:42  Probe (Chrono Boost)  
  45  3:49  Probe (Chrono Boost)  
  45  3:52  Probe (Chrono Boost)  
  46  4:00  Nexus  
  46  4:01  Probe (Chrono Boost)  
  47  4:03  Probe (Chrono Boost), Pylon  
  48  4:13  Probe x2 (Chrono Boost)  
  50  4:18  Pylon  
  52  4:24  Probe (Chrono Boost)  
  52  4:25  Probe (Chrono Boost), Gateway  
  52  4:26  Gateway  
  52  4:33  Assimilator  
  52  4:34  Probe (Chrono Boost)  
  52  4:37  Probe (Chrono Boost)  
  54  4:41  Forge  
  54  4:44  Adept  
  54  4:45  Probe (Chrono Boost)  
  57  4:49  Probe (Chrono Boost)  
  58  4:53  Pylon  
  58  4:55  Probe (Chrono Boost)  
  60  5:00  Pylon  
  60  5:01  Probe (Chrono Boost)  
  60  5:02  Pylon  
  60  5:06  Probe (Chrono Boost)  
  61  5:10  Gateway  
  61  5:12  Sentry  
  61  5:13  Probe (Chrono Boost), Gateway  
  64  5:14  Probe (Chrono Boost)  
  64  5:17  Probe (Chrono Boost)  
  66  5:23  Adept x2  
  66  5:25  Probe (Chrono Boost)  
  69  5:29  Probe (Chrono Boost)  
  69  5:34  Probe (Chrono Boost)  
  64  5:37  Probe (Chrono Boost)  
  64  5:38  Adept  
  63  5:46  Adept x2  
  55  5:54  Probe (Chrono Boost)  
  44  6:01  Probe (Chrono Boost)  
  44  6:02  Probe (Chrono Boost)  
  44  6:03  Pylon  
  41  6:06  Adept x2  
  41  6:07  Adept  
  41  6:09  Gateway  
  41  6:10  Gateway  
  33  6:11  Probe (Chrono Boost)  
  33  6:15  Adept  
Show
View Real Time Build Order
Export as new Build Order

Zerghamdi Zerg - Winner!

Build Orders: Hatch First 

Get SALT Encoding   

  12  0:00  Drone  
  13  0:13  Overlord  
  13  0:18  Drone  
  14  0:33  Drone x2  
  16  0:38  Drone  
  17  1:00  Drone  
  18  1:05  Hatchery  
  18  1:06  Drone  
  18  1:14  Extractor  
  17  1:20  Extractor  
  17  1:24  Spawning Pool, Drone  
  16  1:30  Drone  
  16  1:31  Drone  
  18  1:41  Drone  
  19  1:55  Drone  
  20  2:02  Overlord  
  20  2:13  Queen  
  22  2:16  Queen  
  22  2:17  Zergling x4  
  22  2:19  Metabolic Boost  
  22  2:22  Drone  
  27  2:28  Drone  
  28  2:34  Drone  
  29  2:45  Drone x2  
  31  2:55  Hatchery, Drone  
  31  2:56  Drone  
  32  2:59  Drone  
  32  3:05  Zergling x2  
  33  3:16  Drone x2  
  34  3:28  Drone  
  34  3:29  Overlord x2  
  34  3:31  Spore Crawler  
  34  3:32  Spore Crawler  
  34  3:41  Drone x3  
  34  3:47  Queen  
  39  3:48  Drone x3  
  39  3:54  Roach Warren  
  40  3:57  Drone x2  
  40  3:58  Drone  
  43  4:03  Drone x2  
  43  4:04  Drone  
  43  4:07  Overlord  
  46  4:16  Overlord x2  
  44  4:34  Roach  
  44  4:35  Roach x7  
  60  4:39  Zergling x4  
  60  4:40  Zergling x2  
  63  4:48  Zergling x10  
  68  4:59  Roach x3  
  74  5:07  Roach  
  76  5:09  Zergling x4  
  78  5:16  Zergling x4  
  81  5:21  Overlord, Zergling x4  
  81  5:22  Overlord  
  81  5:32  Overlord  
  81  5:35  Overlord x2  
  79  5:36  Zergling x2  
  79  5:37  Zergling x4  
  81  5:44  Zergling x8  
  81  5:47  Zergling x4  
  81  5:48  Zergling x4  
  88  5:50  Zergling x4  
  88  5:51  Zergling x2  
  90  5:57  Zergling x4  
  90  6:01  Zergling x2  
  93  6:09  Spore Crawler  
Tags
 
Add a new tag
Caveats
  • Supply blocks, unpowered buildings, or Contaminate may cause inaccurate times.
  • Supply counts are checked every 10 seconds.